 Dungeon Crawl Stone Soup version 0.21-b1-23-g1fb0a74c36 (webtiles) character file.

61362 localhost the Fencer (level 14, -3/129 HPs)
             Began as a Minotaur Berserker on Jan 5, 2018.
             Was a High Priest of Trog.
             Slain by an anaconda (5 damage)
             ... on level 4 of the Snake Pit on Jan 6, 2018.
             The game lasted 02:58:05 (20785 turns).

localhost the Fencer (Minotaur Berserker)          Turns: 20785, Time: 02:58:05

Health: -3/129     AC: 25    Str: 32    XL:     14   Next: 60%
Magic:  13/13      EV:  6    Int:  4    God:    Trog [*****.]
Gold:   815        SH: 24    Dex: 10    Spells: 13/13 levels left

rFire    + . .     SeeInvis +   F - +6 short sword (venom)
rCold    . . .     Gourm    .   z - +4 large shield {rF+}
rNeg     . . .     Faith    .   U - +0 plate armour
rPois    +         Spirit   .   h - +2 hat {SInv}
rElec    .         Reflect  .   O - +0 cloak
rCorr    .         Harm     .   e - +0 pair of gloves
MR       +++..                  n - +2 pair of boots
Stlth    ..........             o - amulet of regeneration
HPRegen  1.71/turn              Z - ring of Xom's Absentmindedness {rPois Str+5}
MPRegen  0.13/turn              N - ring of poison resistance

@: lethally poisoned (-3 -> -3), regenerating, constricted
A: retaliatory headbutt, horns 2
a: Berserk, Trog's Hand, Brothers in Arms, Burn Spellbooks, Renounce Religion


You were on level 4 of the Snake Pit.
You worshipped Trog.
Trog was extremely pleased with you.
You were not hungry.

You visited 3 branches of the dungeon, and saw 18 of its levels.
You also visited: Labyrinth and Ossuary.

You collected 1155 gold pieces.
You spent 340 gold pieces at shops.

Inventory:

Hand Weapons
 j - a +2 long sword of flaming
 l - a +4 war axe of freezing
 r - a +3 vampiric rapier
 x - a +3 antimagic falchion
 F - a +6 short sword of venom (weapon)
 V - a +3 trident of protection
 W - a +2 flail of holy wrath
Armour
 e - a +0 pair of gloves (worn)
 h - a +2 hat of see invisible (worn)
 n - a +2 pair of boots (worn)
 z - a +4 large shield of fire resistance (worn)
 G - a +4 ring mail of magic resistance
 M - a scarf of spirit shield
 O - a +0 cloak (worn)
 R - the +2 scale mail "Inott" {+Inv rF+ SInv}
   (You found it on level 1 of the Snake Pit)

   It protects you from fire.
   It lets you see invisible.
   It lets you turn invisible.
 U - a +0 plate armour (worn)
Jewellery
 g - a +3 ring of strength
 o - an amulet of regeneration (around neck)
 H - a +4 ring of strength
 I - an uncursed ring of positive energy
 J - an uncursed ring of positive energy
 K - an uncursed ring of protection from cold
 N - a ring of poison resistance (right hand)
 P - the ring of Xahiraa {rN+ MP+9 Slay+2}
   (You found it on level 2 of the Lair of Beasts)

   [ring of magical power]

   It affects your accuracy and damage with ranged weapons and melee attacks
   (+2).
   It protects you from negative energy.
   It affects your magic capacity (+9).
 Y - an uncursed amulet of harm
 Z - the ring of Xom's Absentmindedness (left hand) {rPois Str+5}
   (You found it in a labyrinth)

   [ring of strength]

   It affects your strength (+5).
   It protects you from poison.
Wands
 b - a wand of disintegration (9)
 d - a wand of scattershot (5)
 f - a wand of iceblast (9)
 k - a wand of paralysis (7)
 v - a wand of acid (22)
 w - a wand of polymorph (12)
 B - a wand of flame (26)
 Q - a wand of enslavement (34)
 T - a wand of digging (27)
Scrolls
 a - 3 scrolls of enchant armour
 p - 10 scrolls of remove curse
 q - 7 scrolls of magic mapping
 u - a scroll of enchant weapon
 A - a scroll of fog
 C - 2 scrolls of noise {unknown}
 D - a scroll of random uselessness {unknown}
 X - 2 scrolls of vulnerability {unknown}
Potions
 i - a potion of cancellation
 m - 2 potions of flight {unknown}
 s - a potion of berserk rage
 L - 4 potions of lignification
Miscellaneous
 E - a box of beasts
Comestibles
 c - 26 rations


   Skills:
 + Level 13.0 Fighting
 + Level 5.6(10.8) Short Blades
 + Level 15.1(15.5) Long Blades
 + Level 1.0(2.5) Axes
 + Level 3.0(3.1) Maces & Flails
 + Level 1.8(2.0) Polearms
 + Level 3.3 Throwing
 + Level 14.2 Armour
 + Level 7.0 Dodging
 * Level 7.2 Stealth
 + Level 12.2 Shields
 + Level 0.5 Evocations


You had 13 spell levels left.
You didn't know any spells.

Dungeon Overview and Level Annotations

Branches:
Dungeon (11/15)            Temple (0/1) D:6            Lair (3/6) D:11
  Snake (4/4) Lair:3
  Swamp: Lair:2-4    Shoals: Lair:2-4       Orc: D:9-12

Altars:
Ashenzari
Dithmenos
Gozag
Hepliaklqana
Makhleb
Nemelex Xobeh
Okawaru
Ru
Sif Muna
Trog
Vehumet
Wu Jian
Xom
Yredelemnul

Shops:
D:6 *   D:8 %*   D:11 =

Annotations:
Lair:1 tehanu's ghost, journeyman GrBe


Innate Abilities, Weirdness & Mutations

You reflexively headbutt those who attack you in melee.
You have a pair of horns on your head.


Message History

The anaconda hisses angrily.
The naga shouts!
The anaconda moves out of view.
Your ogre closely misses the naga mage.
You block the guardian serpent's attack.
The black mamba bites you but does no damage.
The anaconda bites you but does no damage.
The naga mage spits poison at you. You block the splash of poison.
The naga mage constricts you.
The water moccasin bites you but does no damage.
The guardian serpent hits you.
* * * LOW HITPOINT WARNING * * *
The naga mage mumbles some strange words.
The naga mage seems to speed up.
The naga spits poison at you. You block the splash of poison.
You block the guardian serpent's attack.
The black mamba bites you!
* * * LOW HITPOINT WARNING * * *
Your ogre hits the naga mage with a giant club!
The anaconda bites you.
You die...

.. . ### ##. S
#..# #..N$
.###...# .N?..
#...... #....
#....#
..SN###O§.#
#.SSN§#
#NS@S##
##.NS##
##...##
#######...##
## ..........#
...
.........(#<.#
.............#
...........###
.......<..##


You could see 2 anacondas, 2 guardian serpents, a black mamba, 2 naga magi, a
water moccasin, 3 nagas and a friendly ogre (berserk).

Vanquished Creatures
  Vashnia (Snake:2)
  Frances (Snake:2)
  Agnes (Snake:2)
  A minotaur (Lab)
  Harold (Lair:3)
  4 naga warriors
  A hydra (Lair:2)
  5 anacondas
  4 two-headed ogres
  5 death yaks (Lair:2)
  5 naga sharpshooters
  3 shock serpents
  2 naga ritualists
  2 sea snakes
  Pikel (D:7)
  3 cyclopes (D:11)
  5 mana vipers
  18 black mambas
  4 salamanders
  A guardian serpent (Snake:1)
  6 naga magi
  Joseph (D:7)
  4 spiny frogs
  A rime drake (Lair:3)
  3 komodo dragons
  A queen bee (Lair:3)
  A troll (D:9)
  4 blink frogs (Lair:3)
  3 hippogriffs
  Prince Ribbit (D:9)
  2 redbacks (Lab)
  2 spriggans
  2 wyverns
  Sigmund (D:3)
  14 yaks
  32 nagas
  A soldier ant (D:11)
  2 hell hounds (D:11)
  7 porcupines
  4 water moccasins
  6 black bears
  An orc warrior (D:11)
  3 ice beasts
  An eye of draining (D:10)
  A necrophage (D:10)
  3 ogres
  5 wolves (Lair:3)
  10 centaurs
  7 crocodiles
  2 big kobolds
  3 elf zombies (Ossuary)
  9 bullfrogs
  A wyvern zombie (D:10)
  4 scorpions
  29 killer bees
  A spriggan skeleton (Lab)
  A troll skeleton (Lab)
  6 crimson imps
  2 howler monkeys (D:6)
  2 hounds
  3 centaur zombies
  2 human zombies (Ossuary)
  A bullfrog zombie (D:5)
  A centaur skeleton (Lab)
  3 jellies
  2 orc priests (D:4)
  Crazy Yiuf (D:3)
  A bullfrog skeleton (D:5)
  7 orc wizards
  3 iguanas
  7 worker ants
  A hound zombie (D:9)
  An ogre skeleton (Lab)
  2 mummies (Ossuary)
  A worker ant zombie (D:10)
  4 gnolls (D:5)
  9 adders
  3 shadow imps (D:6)
  2 oozes
  2 adder skeletons
  An adder zombie (Ossuary)
  5 worms
  4 leopard geckos
  26 orcs
  6 bats
  3 giant cockroaches
  4 goblins
  6 hobgoblins
  14 jackals
  5 quokkas
  3 ball pythons
  4 frilled lizards
  A giant cockroach zombie (D:6)
  2 goblin zombies (Ossuary)
  12 hobgoblin zombies (Ossuary)
  A jackal zombie (Ossuary)
  18 kobolds
  7 kobold zombies (Ossuary)
  7 orc zombies (Ossuary)
  A quokka skeleton (D:5)
  A quokka zombie (D:7)
  4 rats
  A rat zombie (Ossuary)
  7 fungi
  9 plants
465 creatures vanquished.

Vanquished Creatures (collateral kills)
  A nagaraja (Snake:4)
  A naga warrior (Snake:4)
  A naga ritualist (Snake:4)
  A sea snake (Snake:4)
  A naga mage (Snake:4)
  A naga (Snake:4)
6 creatures vanquished.

Vanquished Creatures (others)
  A crimson imp (D:7)
  A hound (D:7)
  5 fungi
  2 plants (Snake:4)
9 creatures vanquished.

Grand Total: 480 creatures vanquished

Notes
Turn   | Place    | Note
-------+----------+-------------------------------------------
     0 | D:1      | localhost the Minotaur Berserker began the quest for the Orb.
     0 | D:1      | Reached XP level 1. HP: 19/19 MP: 0/0
   114 | D:1      | Reached skill level 4 in Long Blades
   114 | D:1      | Reached XP level 2. HP: 20/27 MP: 1/1
   375 | D:1      | Reached XP level 3. HP: 10/33 MP: 2/2
   388 | D:1      | Reached ** piety under Trog
  1039 | D:3      | Found a glowing drain.
  1117 | D:3      | Reached XP level 4. HP: 27/41 MP: 3/3
  1141 | D:3      | Reached skill level 5 in Long Blades
  1181 | D:3      | Found an iron altar of Okawaru.
  1254 | D:3      | Reached XP level 5. HP: 36/47 MP: 4/4
  1379 | D:3      | Reached skill level 1 in Short Blades
  1423 | D:3      | Reached skill level 5 in Fighting
  1435 | D:3      | Found a runed door.
  1691 | D:3      | Noticed Sigmund
  1712 | D:3      | Killed Sigmund
  1712 | D:3      | Reached XP level 6. HP: 40/56 MP: 5/5
  1722 | D:3      | Found a sacrificial altar of Ru.
  1879 | D:3      | Noticed Crazy Yiuf
  1885 | D:3      | Killed Crazy Yiuf
  2051 | D:4      | Reached *** piety under Trog
  2172 | D:4      | Found a shattered altar of Ashenzari.
  2347 | D:4      | Found a sand-covered staircase.
  2357 | Ossuary  | Entered an ossuary
  2396 | Ossuary  | Reached XP level 7. HP: 58/63 MP: 6/6
  2476 | Ossuary  | Reached skill level 6 in Long Blades
  2483 | Ossuary  | Reached skill level 1 in Stealth
  2510 | Ossuary  | Reached **** piety under Trog
  3065 | D:5      | Entered Level 5 of the Dungeon
  3119 | D:5      | Reached skill level 7 in Long Blades
  3282 | D:5      | Reached XP level 8. HP: 71/71 MP: 7/7
  3868 | D:6      | Reached skill level 8 in Long Blades
  3903 | D:6      | Found an opulent altar of Gozag.
  3903 | D:6      | Found Gozag's Platinum Reserve.
  3970 | D:6      | Found a staircase to the Ecumenical Temple.
  4215 | D:6      | Reached skill level 5 in Dodging
  4289 | D:6      | Reached skill level 9 in Long Blades
  4455 | D:6      | Reached XP level 9. HP: 73/81 MP: 8/8
  4490 | D:6      | Reached ***** piety under Trog
  4494 | D:6      | Reached skill level 5 in Armour
  5060 | D:7      | Found a basalt altar of Yredelemnul.
  5084 | D:7      | Reached skill level 10 in Long Blades
  5104 | D:7      | Noticed Pikel
  5117 | D:7      | Killed Pikel
  5176 | D:7      | Noticed Joseph
  5189 | D:7      | Killed Joseph
  5337 | D:7      | Reached skill level 11 in Long Blades
  5549 | D:7      | Reached skill level 1 in Throwing
  5828 | D:8      | Found a sparkling altar of Nemelex Xobeh.
  5963 | D:8      | Found a shimmering altar of Xom.
  5971 | D:8      | Found a shimmering altar of Xom.
  5971 | D:8      | Found a shimmering altar of Xom.
  5971 | D:8      | Found a shimmering altar of Xom.
  5972 | D:8      | Found a shimmering altar of Xom.
  5973 | D:8      | Found a shimmering altar of Xom.
  5973 | D:8      | Found a shimmering altar of Xom.
  5973 | D:8      | Found a shimmering altar of Xom.
  6074 | D:8      | Found a hazy altar of Hepliaklqana.
  6355 | D:8      | Found a deep blue altar of Sif Muna.
  6382 | D:8      | Found Kyupaf's Food Shop.
  6386 | D:8      | Bought a ration for 60 gold pieces
  6386 | D:8      | Bought a ration for 60 gold pieces
  6386 | D:8      | Bought a ration for 60 gold pieces
  6405 | D:8      | Found Kiojysuf's Assorted Antiques.
  6408 | D:8      | Bought a scroll of identify for 64 gold pieces
  6408 | D:8      | Bought a potion of curing for 96 gold pieces
  6423 | D:8      | Found a shadowy altar of Dithmenos.
  6559 | D:8      | Reached XP level 10. HP: 80/91 MP: 9/9
  6730 | D:9      | Found an ornate altar of the Wu Jian Council.
  6773 | D:9      | Found a burning altar of Makhleb.
  6780 | D:9      | Noticed Prince Ribbit
  6790 | D:9      | Killed Prince Ribbit
  6889 | D:9      | Noticed a two-headed ogre
  6895 | D:9      | Killed a two-headed ogre
  6903 | D:9      | Found a radiant altar of Vehumet.
  7042 | D:9      | Reached skill level 12 in Long Blades
  7043 | D:9      | Received a gift from Trog
  7455 | D:9      | Found a bloodstained altar of Trog.
  7488 | D:9      | Found a radiant altar of Vehumet.
  7648 | D:9      | Noticed a two-headed ogre
  7656 | D:9      | Killed a two-headed ogre
  7656 | D:9      | Reached skill level 10 in Fighting
  7816 | D:10     | Entered Level 10 of the Dungeon
  7933 | D:10     | Noticed a two-headed ogre
  7941 | D:10     | Killed a two-headed ogre
  7941 | D:10     | Reached XP level 11. HP: 58/101 MP: 5/10
  8038 | D:10     | Got an iridescent dagger
  8085 | D:10     | Identified the +1 dagger of Ihudumy {holy, Dex+4} (You found it on level 10 of the Dungeon)
  8610 | D:10     | Received a gift from Trog
  8615 | D:10     | Reached skill level 13 in Long Blades
  8868 | D:11     | Reached skill level 10 in Armour
  8878 | D:11     | Found Loeciojo's Jewellery Emporium.
  8880 | D:11     | Noticed a two-headed ogre
  8891 | D:11     | Killed a two-headed ogre
  8902 | D:11     | Found a staircase to the Lair.
  9061 | Lair:1   | Entered Level 1 of the Lair of Beasts
  9226 | Lair:1   | Found a radiant altar of Vehumet.
  9264 | Lair:1   | Noticed tehanu's ghost (journeyman GrBe)
  9352 | Lair:1   | Reached skill level 14 in Long Blades
  9624 | Lair:1   | Noticed a six-headed hydra
  9678 | Lair:2   | Noticed a six-headed hydra
  9697 | Lair:2   | Found a labyrinth entrance.
  9711 | Lab      | Entered a labyrinth
 12401 | Lab      | Upgraded the game from 0.21-b1-21-g86478ac299 to 0.21-b1-23-g1fb0a74c36
 14239 | Lab      | Noticed a minotaur
 14246 | Lab      | Killed a minotaur
 14293 | Lab      | Got a smoking silver ring
 14307 | Lab      | Identified the ring of Xom's Absentmindedness {rPois Str+5} (You found it in a labyrinth)
 14425 | Lair:2   | Reached XP level 12. HP: 62/110 MP: 8/11
 14790 | Lair:2   | Killed a six-headed hydra
 14790 | Lair:2   | Reached skill level 1 in Shields
 15331 | Lair:2   | Noticed a death yak
 15333 | Lair:2   | Noticed a death yak
 15336 | Lair:2   | Noticed a death yak
 15338 | Lair:2   | Noticed a death yak
 15340 | Lair:2   | Noticed a death yak
 15345 | Lair:2   | Killed a death yak
 15345 | Lair:2   | Reached skill level 1 in Axes
 15345 | Lair:2   | Reached skill level 1 in Polearms
 15362 | Lair:2   | Killed a death yak
 15373 | Lair:2   | Killed a death yak
 15384 | Lair:2   | Killed a death yak
 15397 | Lair:2   | Killed a death yak
 15397 | Lair:2   | Reached skill level 5 in Shields
 15570 | Lair:2   | Got a twitching tin ring
 15572 | Lair:2   | Identified the ring of Xahiraa {rN+ MP+9 Slay+2} (You found it on level 2 of the Lair of Beasts)
 16177 | Lair:3   | Noticed Harold
 16220 | Lair:3   | Killed Harold
 16404 | Lair:3   | Received a gift from Trog
 16453 | Lair:3   | Found a staircase to the Snake Pit.
 16533 | Snake:1  | Entered Level 1 of the Snake Pit
 16541 | Snake:1  | Got a transparent scale mail
 16552 | Snake:1  | Identified the +2 scale mail "Inott" {+Inv rF+ SInv} (You found it on level 1 of the Snake Pit)
 16617 | Snake:1  | Noticed an anaconda
 16623 | Snake:1  | Killed an anaconda
 16623 | Snake:1  | Reached XP level 13. HP: 108/118 MP: 7/12
 17133 | Snake:1  | Reached skill level 5 in Stealth
 17808 | Snake:2  | Noticed Frances
 17855 | Snake:2  | Killed Frances
 17867 | Snake:2  | Reached skill level 15 in Long Blades
 17947 | Snake:2  | Noticed Vashnia
 18318 | Snake:2  | Reached skill level 10 in Shields
 18765 | Snake:2  | Killed Vashnia
 18765 | Snake:2  | Reached XP level 14. HP: 101/127 MP: 11/13
 18941 | Snake:2  | Noticed Agnes
 18972 | Snake:2  | Killed Agnes
 19385 | Snake:3  | Reached skill level 5 in Short Blades
 20206 | Snake:3  | Received a gift from Trog
 20206 | Snake:3  | Reached skill level 1 in Maces & Flails
 20521 | Snake:4  | Entered Level 4 of the Snake Pit
 20574 | Snake:4  | Noticed a nagaraja
 20576 | Snake:4  | Killed a nagaraja
 20698 | Snake:3  | Identified a scroll of acquirement
 20785 | Snake:4  | HP: 2/129 [black mamba (13)]
 20785 | Snake:4  | Slain by an anaconda

Skill      XL: |  1  2  3  4  5  6  7  8  9 10 11 12 13 14 |
---------------+-------------------------------------------+-----
Long Blades    | 4 5 7 9 11 12 14 15 | 15.1
Fighting       | 4 5 6 7 9 10 11 12 13 | 13.0
Dodging        | 3 4 5 6 7 |  7.0
Short Blades   | 2 3 4 5 |  5.6
Stealth        | 1 2 4 6 7 |  7.2
Armour         | 4 6 8 11 12 13 14 | 14.2
Throwing       | 1 2 3 |  3.3
Shields        | 6 11 12 | 12.2
Axes           | 1 |  1.0
Polearms       | 1 |  1.8
Maces & Flails | 3 |  3.0
Evocations     | |  0.5

Action                   |  1- 3 |  4- 6 |  7- 9 | 10-12 | 13-15 || total
-------------------------+-------+-------+-------+-------+-------++-------
Melee: Falchion          |    63 |       |       |    17 |   379 ||   459
       Headbutt          |    10 |    21 |    50 |   211 |   172 ||   464
       Short sword       |    25 |   104 |       |       |   250 ||   379
       Long sword        |       |     5 |   248 |   599 |       ||   852
       War axe           |       |       |       |    60 |       ||    60
       Trident           |       |       |       |    11 |       ||    11
       Flail             |       |       |       |       |    71 ||    71
Throw: Javelin           |     1 |     7 |     8 |    11 |       ||    27
       Tomahawk          |       |       |       |     2 |       ||     2
       Throwing net      |       |       |       |       |     6 ||     6
Invok: Berserk           |       |     1 |     1 |     1 |     4 ||     7
       Burn Spellbooks   |       |       |       |     1 |       ||     1
       Trog's Hand       |       |       |       |       |     2 ||     2
       Brothers in Arms  |       |       |       |       |     2 ||     2
Evoke: Wand              |       |       |       |     3 |     4 ||     7
  Use: Scroll            |       |     3 |     4 |    10 |    11 ||    28
       Potion            |       |     4 |     3 |     8 |    22 ||    37
 Stab: Sleeping          |       |       |     1 |       |       ||     1
       Held in net/web   |       |       |       |       |     1 ||     1
  Eat: Chunk             |     1 |     4 |     9 |    11 |     1 ||    26
       Ration            |       |     1 |     1 |     7 |     5 ||    14
Armor: Animal skin       |    30 |    30 |    17 |       |       ||    77
       Scale mail        |       |       |    54 |       |       ||    54
       Ring mail         |       |       |    19 |       |       ||    19
       Chain mail        |       |       |     6 |    36 |       ||    42
       Plate armour      |       |       |       |   180 |   219 ||   399
Dodge: Dodged            |    65 |    50 |   197 |   185 |   109 ||   606
Block: Large shield      |       |       |       |   266 |   748 ||  1014
       Rpst.: Falchion   |     8 |       |       |       |    10 ||    18
       Long sword        |       |     3 |    55 |    40 |       ||    98
